 Dungeon Crawl Stone Soup version 0.30-a0-743-gbfdf073431 (webtiles) character file.

Game seed: 12315133384584666390

94 Bnni the Shooter (level 4, -1/28 HPs)
             Began as a Tengu Hunter on Feb 6, 2023.
             Was an Initiate of Hepliaklqana.
             Slain by an adder (2 damage)
             ... on level 4 of the Dungeon.
             The game lasted 00:03:38 (1993 turns).

Bnni the Shooter (Tengu Hunter)                     Turns: 1993, Time: 00:03:38

Health: -1/28      AC:  3    Str: 12    XL:     4   Next: 63%
Magic:  5/5        EV: 12    Int:  9    God:    Hepliaklqana [......]
Gold:   150        SH:  0    Dex: 19    Spells: 3/3 levels left

rFire   . . .      SeeInvis .    a - +0 shortbow
rCold   . . .      Faith    .    (shield currently unavailable)
rNeg    . . .      Spirit   .    c - +0 leather armour
rPois   .          Reflect  .    (helmet restricted)
rElec   .          Harm     .    (no cloak)
rCorr   .          Rampage  .    (no gloves)
Will    .....                    (boots unavailable)
Stlth   ++                       (no amulet)
HPRegen 0.24/turn                (no ring)
MPRegen 0.09/turn                (no ring)

@: no status effects
A: beak, talons 3
a: Renounce Religion


You were on level 4 of the Dungeon.
You worshipped Hepliaklqana.
Hepliaklqana was noncommittal.
You visited 2 branches of the dungeon, and saw 5 of its levels.

You collected 150 gold pieces.

Inventory:

Hand Weapons
 a - a +0 shortbow (weapon)
Missiles
 m - 4 poisoned darts
Armour
 c - a +0 leather armour (worn)
Scrolls
 b - a scroll of immolation
 f - a scroll of blinking {unknown}
 i - a scroll of amnesia {unknown}
 j - 2 scrolls of fear
 k - a scroll of vulnerability {unknown}
 n - a scroll of fog {unknown}
Potions
 e - a potion of berserk rage
 g - a potion of degeneration {unknown}
 h - 3 potions of haste
 l - a potion of attraction {unknown}


   Skills:
 + Level 3.0 Fighting
 * Level 5.9 Ranged Weapons
 - Level 2.1 Dodging
 - Level 1.0 Stealth


You had 3 spell levels left.
You didn't know any spells.
Your spell library was empty.

Dungeon Overview and Level Annotations

Branches:
Dungeon (4/15)             Temple (1/1) D:4

Altars:
Fedhas
Hepliaklqana
Kikubaaqudgha
Ru
Sif Muna
Trog
Xom
Zin


Innate Abilities, Weirdness & Mutations

You have a beak for a mouth.
You have claws for feet.


Message History

* * * LOW HITPOINT WARNING * * *
You shoot an arrow. The arrow hits the worm.
The worm is almost dead.
The adder bites you.
* * * LOW HITPOINT WARNING * * *
The adder barely misses you. The worm closely misses you.
You feel better. The adder bites you.
* * * LOW HITPOINT WARNING * * *
You shoot an arrow.
The arrow hits the worm but does no damage.
The worm is severely wounded.
The adder closely misses you. The worm bites you.
* * * LOW HITPOINT WARNING * * *
The adder barely misses you.
You shoot an arrow.
The arrow hits the worm but does no damage.
The worm is severely wounded.
The adder closely misses you. The worm closely misses you. The adder bites you.
* * * LOW HITPOINT WARNING * * *
You shoot an arrow. The arrow hits the worm.
The worm is severely wounded.
The adder closely misses you.
You shoot an arrow. The arrow hits the worm.
The worm is almost dead.
The adder barely misses you. The worm barely misses you. The adder bites you.
* * * LOW HITPOINT WARNING * * *
You feel better. The adder bites you.
* * * LOW HITPOINT WARNING * * *
The worm bites you.
* * * LOW HITPOINT WARNING * * *
You shoot an arrow. The arrow hits the worm!
You kill the worm!
The adder barely misses you.
Okay, then.
You shoot an arrow. The arrow hits the adder!
The adder is severely wounded.
The adder bites you.
* * * LOW HITPOINT WARNING * * *
The adder bites you.
You die...

..$...$### #.w# #
#.....# #..## ###.#
#....# ##...###...#
B?.#..#######.....#...#
.# ##................#
#............<..#..#
#......#........# #
###....##.†.....#..#
#.....###@##.......#
#.$:..S##....#.##
##..>..##......#
##).$##......##
#...........#
#..##.......#
..........### .....
..(# ...### ..#


You could see an adder.

Vanquished Creatures
  An adder (D:3)
  4 gnolls (D:3)
  A worm (D:4)
  An orc (D:3)
  4 ball pythons
  An endoplasm (D:2)
  3 giant cockroaches
  5 goblins
  4 hobgoblins
  7 jackals (D:2)
  A quokka (D:1)
  4 bats
  3 frilled lizards (D:2)
  4 rats (D:2)
43 creatures vanquished.

Notes
Turn   | Place    | Note
-------+----------+-------------------------------------------
     0 | D:1      | Bnni the Tengu Hunter began the quest for the Orb.
     0 | D:1      | Reached XP level 1. HP: 12/12 MP: 2/2
    89 | D:1      | Reached XP level 2. HP: 17/17 MP: 3/3
   772 | D:2      | Reached skill level 5 in Ranged Weapons
  1021 | D:2      | Reached XP level 3. HP: 20/22 MP: 4/4
  1777 | D:3      | Reached XP level 4. HP: 27/27 MP: 5/5
  1902 | D:3      | You fall into a shaft and drop 1 floor!
  1920 | D:4      | Found a staircase to the Ecumenical Temple.
  1935 | Temple   | Entered the Ecumenical Temple
  1959 | Temple   | Became a worshipper of Hepliaklqana the Forgotten
  1991 | D:4      | HP: 1/28 [worm (3)]
  1993 | D:4      | Slain by an adder

Illustrated notes

Levels and vault maps discovered:
D:1:      heliophobic_arrival_ceremonial_halls, layout_basic, minivault_27
D:2:      layout_loops_ring, serial_bayou_crossing
D:3:      layout_rooms, hellmonk_ecumenical_altar_defaced_shrine
D:4:      layout_layer_cave, mainiacjoe_overflow_24_doors,
          minmay_temple_entry_offerings, kennysheep_minor_cross
Temple:   regret_index_temple_chain_breaker

Skill      XL: |  1  2  3  4 |
---------------+-------------+-----
Ranged Weapons | 5 |  5.9
Fighting       | 3 |  3.0
Dodging        | |  2.1
Stealth        | |  1.0

Action                     |  1- 3 |  4- 6 || total
---------------------------+-------+-------++-------
   Fire: Shortbow          |   108 |    22 ||   130
    Use: Scroll            |     4 |       ||     4
         Potion            |       |     2 ||     2
 Armour: Leather armour    |    20 |     3 ||    23
  Dodge: Dodged            |    47 |    18 ||    65

Table legend: (Time is in decaauts)
 A = Elapsed time spent in this place.
 B = Non-inter-level travel time spent in this place.
 C = Inter-level travel time spent in this place.
 D = Time resting spent in this place.
 E = Time spent auto-exploring this place.
 F = Levels seen in this place.
 G = Mean time per level.
                   A        B        C        D        E       F      G
               +--------+--------+--------+--------+--------+-----+--------+
         Total |   2041 |   1999 |     42 |      5 |   1689 |   5 |  408.2 |
       Dungeon |   2001 |   1973 |     28 |      5 |   1678 |   4 |  500.2 |
        Temple |     39 |     25 |     14 |      0 |     11 |   1 |   39.0 |
               +--------+--------+--------+--------+--------+-----+--------+

Top non-repeatable levels by time:
     D:2: 851 daAuts
     D:1: 756 daAuts
     D:3: 339 daAuts
     D:4: 54 daAuts
  Temple: 39 daAuts
